 Dungeon Crawl Stone Soup version 0.30-a0-52-g86a8295270 (webtiles) character file.

Game seed: 8719233288535768877

11433 kae the Arsonist (level 11, -10/83 HPs)
             Began as a Demigod Fire Elementalist on Sept 5, 2022.
             Mangled by a merfolk
             ... wielding a +0 trident
              (16 damage)
             ... on level 11 of the Dungeon on Sept 6, 2022.
             The game lasted 00:11:29 (16059 turns).

kae the Arsonist (Demigod Fire Elementalist)       Turns: 16059, Time: 00:11:30

Health: -10/83     AC:  8    Str:  9    XL:     11   Next: 25%
Magic:  13/25      EV:  7    Int: 29    God:
Gold:   1846       SH:  0    Dex: 14    Spells: 7/23 levels left

rFire   . . .      SeeInvis +    k - +5 whip
rCold   . . .      Faith    .    (no shield)
rNeg    . . .      Spirit   .    a - +1 robe
rPois   .          Reflect  .    (no helmet)
rElec   .          Harm     .    q - +0 cloak
rCorr   .          Rampage  .    (no gloves)
Will    +....                    (no boots)
Stlth   ++........               (no amulet)
HPRegen 0.23/turn                O - +4 ring of protection
MPRegen 0.19/turn                v - ring of see invisible

@: held
A: high MP 1, forlorn, divine attributes
a: no special abilities


You were on level 11 of the Dungeon.
You visited 1 branch of the dungeon, and saw 11 of its levels.

You collected 1846 gold pieces.


Innate Abilities, Weirdness & Mutations

You have an increased reservoir of magic. (+10% MP)
You shall have no god before yourself.
Your divine heritage dramatically boosts your attributes as you level up.


   Skills:
 + Level 3.9 Fighting
 + Level 4.4 Dodging
 - Level 1.7 Stealth
 + Level 6.7 Spellcasting
 * Level 10.1 Conjurations
 * Level 10.4 Fire Magic


You had 7 spell levels left.
You knew the following spells:

 Your Spells              Type           Power      Damage    Failure   Level
a - Foxfire               Conj/Fire      100%       2x1d9     1%          1
b - Scorch                Fire           100%       2d10      1%          2
c - Conjure Flame         Conj/Fire      62%        6-21      1%          3
d - Inner Flame           Hex/Fire       40%        N/A       1%          3
e - Flame Wave            Conj/Fire      62%        2d14      1%          4
f - Blink                 Tloc           18%        N/A       8%          2
g - Slow                  Hex            36%        N/A       5%          1

Your spell library contained the following spells:

 Spells                   Type           Power      Damage    Failure   Level
 Sublimation of Blood     Necr           9%         N/A       8%          2
 Wereblood                Tmut           9%         N/A       8%          2
 Confusing Touch          Hex            9%         N/A       16%         3
 Gell's Gravitas          Tloc           9%         N/A       16%         3
 Lesser Beckoning         Tloc           9%         N/A       16%         3
 Ozocubu's Armour         Ice            9%         N/A       16%         3
 Summon Guardian Golem    Hex/Summ       9%         N/A       16%         3
 Teleport Other           Tloc           9%         N/A       16%         3
 Vampiric Draining        Necr           9%         2d6       16%         3
 Leda's Liquefaction      Hex/Erth       4%         N/A       45%         4
 Orb of Destruction       Conj           31%        9d10      56%         7
 Lee's Rapid Deconstruct  Erth           4%         3d6*      82%         5
 Manifold Assault         Tloc           9%         N/A       82%         5
 Metabolic Englaciation   Hex/Ice        4%         N/A       82%         5
 Spellforged Servitor     Conj/Summ      19%        N/A       99%         7
 Simulacrum               Ice/Necr       4%         N/A       100%        6
 Statue Form              Tmut/Erth      6%         N/A       100%        6
 Summon Cactus Giant      Summ           4%         N/A       100%        6
 Summon Hydra             Summ           4%         N/A       100%        7

Inventory:

Hand Weapons
 k - a +5 whip (weapon)
   (You took it off an orc on level 4 of the Dungeon)
Missiles
 d - 96 stones
 o - 2 throwing nets {=f!f}
 y - 5 atropa-tipped darts
 A - 26 poisoned darts
 I - 3 boomerangs
Armour
 a - a +1 robe (worn)
 q - a +0 cloak (worn)
   (You took it off Crazy Yiuf on level 5 of the Dungeon)
Magical Staves
 H - a staff of fire {!a}
   (You found it on level 9 of the Dungeon)
Jewellery
 c - a ring of protection from cold
   (You found it on level 5 of the Dungeon)
 e - a +4 ring of evasion
   (You found it on level 8 of the Dungeon)
 v - a ring of see invisible (right hand)
   (You found it on level 5 of the Dungeon)
 C - a ring of protection from cold
   (You found it on level 4 of the Dungeon)
 E - a +4 ring of evasion
   (You found it on level 6 of the Dungeon)
 O - a +4 ring of protection (left hand)
   (You found it on level 3 of the Dungeon)
Wands
 h - a wand of digging (22)
   (You found it on level 2 of the Dungeon)
 m - a wand of roots (11)
   (You took it off Maurice on level 8 of the Dungeon)
 r - a wand of flame (22)
   (You took it off Grum on level 7 of the Dungeon)
 u - a wand of light (3)
   (You found it on level 6 of the Dungeon)
 x - a wand of mindburst (38)
   (You took it off an orc on level 7 of the Dungeon)
Scrolls
 i - a scroll of immolation {!r!r}
 n - 6 scrolls of teleportation {@r4}
 p - 2 scrolls of butterflies
 s - a scroll of blinking {!r}
 B - 3 scrolls of fear
 D - a scroll of enchant armour
 G - 3 scrolls of amnesia
 K - a scroll of magic mapping {!r}
Potions
 b - 2 potions of magic
 f - 3 potions of mutation {!q}
 g - 4 potions of curing {unknown}
 j - 2 potions of lignification {!q}
 l - 7 potions of heal wounds {@q2}
 t - 2 potions of degeneration {unknown}
 w - a potion of brilliance {unknown}
 z - 2 potions of cancellation {unknown}
 F - 2 potions of haste {@q3}

Dungeon Overview and Level Annotations

Branches:
Dungeon (11/15) Zot: 25566  Temple (0/1) D:5            Lair (0/5) D:8
    Orc (0/2) D:10

Shops:
D:6 *(

Annotations:
D:4 3 runed translucent doors, kae's ghost, amateur DgFE
D:6 exclusion: hound
D:8 Joseph
D:9 3 runed translucent doors, kae's ghost, novice DgFE
D:10 exclusion: wraith, Josephine

.##...##.~♣♣.≈♣≈≈
..#####..~≈~~.~~~≈≈≈≈≈≈≈
.........~~~....♣~≈≈≈≈≈≈≈≈
........♣~♣♣....~.≈≈≈~≈≈≈≈
............♣♣♣~..~~.~≈≈≈≈
....~♣.~....♣≈~~.....~~≈
...♣.~.≈~≈~.♣~§§§§§~.~≈# ###
♣.~≈≈~.♣~~~.~..§§§§..♣ ≈≈≈#
♣≈♣~≈.....≈♣..§§@§§~.# ~~~~≈
♣♣~~...~~~≈≈♣~..§§m..#~...|~
♣♣....♣≈≈≈≈≈≈§§.§.~.'~.(.?.
##..~~≈##≈≈≈≈≈≈~.≈≈#~~.)..
###.~≈#######≈≈♣~≈# ~H~≈~
##### ####≈≈≈# ≈≈~# #≈≈≈≈#
### #≈≈≈≈≈# #######


You could see a merfolk.


Message History

You conjure some foxfire!
The foxfire hits the electric eel!
Unknown command.
Casting: Foxfire (safe; 1% risk of failure)
Confirm with . or Enter, or press ? or * to list all spells.
You conjure some foxfire!
The foxfire hits the electric eel.
You kill the electric eel! 😨 HP[+1] MP[-1]
You lost 1 mp, and now have 21/25 mp.
As you open the door, it creaks loudly!
A merfolk comes into view. It is wielding a +0 trident.
The merfolk shouts!
A manticore comes into view.
There are monsters nearby! 😕 HP[+36] MP[+4]
You regained 36 hp, and now have 71/83 hp.
Your mp is fully restored (25).
There are monsters nearby!
There are monsters nearby!
The merfolk throws a throwing net.
The throwing net hits you.
You become entangled in the net!
You see here a throwing net {=f!f}.
Unknown command.
Casting: Foxfire (safe; 1% risk of failure)
Confirm with . or Enter, or press ? or * to list all spells.
You conjure some foxfire!
The foxfire hits the merfolk. 😕 HP[+1] MP[-1]
You lost 1 mp, and now have 24/25 mp.
Casting: Foxfire (safe; 1% risk of failure)
Confirm with . or Enter, or press ? or * to list all spells.
You conjure some foxfire!
The foxfire hits the manticore.
The foxfire hits the merfolk but does no damage.
The manticore flicks its tail.
The volley of spikes hits you!
The barbed spikes become lodged in your body. 😮 HP[-11] MP[-1]
You take 11 damage, and now have 61/83 hp.
You lost 1 mp, and now have 23/25 mp.
Casting: Foxfire (safe; 1% risk of failure)
Confirm with . or Enter, or press ? or * to list all spells.
You conjure some foxfire!
The foxfire hits the manticore.
The merfolk hits you from afar with a +0 trident!
The foxfire hits the merfolk.
The merfolk barely misses you. 😮 HP[-6]
You take 6 damage, and now have 55/83 hp.
Casting: Foxfire (safe; 1% risk of failure)
Confirm with . or Enter, or press ? or * to list all spells.
Flames lash the merfolk.
The merfolk's fire resistance burns away.
The merfolk closely misses you.
The merfolk hits you but does no damage. 😮 MP[-2]
You lost 2 mp, and now have 21/25 mp.
Casting: Scorch (safe; 1% risk of failure)
Confirm with . or Enter, or press ? or * to list all spells.
Flames lash the manticore.
The manticore's fire resistance burns away.
The merfolk hits you but does no damage.
The merfolk hits you from afar with a +0 trident. 😮 MP[-1]
You lost 1 mp, and now have 20/25 mp.
Casting: Scorch (safe; 1% risk of failure)
Confirm with . or Enter, or press ? or * to list all spells.
Flames lash the manticore.
The manticore is burned terribly!
The merfolk is no longer more vulnerable to fire.
The manticore is engulfed in a cloud of scalding steam.
The manticore flicks its tail.
The volley of spikes hits you!
The barbed spikes become lodged in your body.
* * * LOW HITPOINT WARNING * * *
The merfolk hits you from afar with a +0 trident!!
* * * LOW HITPOINT WARNING * * *
The merfolk hits you from afar with a +0 trident.
* * * LOW HITPOINT WARNING * * *
😱 HP[-36] MP[-2]
You take 36 damage, and now have 19/83 hp.
MASSIVE DAMAGE!! (PAUSE)
You lost 2 mp, and now have 18/25 mp.
Casting: Scorch (safe; 1% risk of failure)
Confirm with . or Enter, or press ? or * to list all spells.
Casting: Flame Wave (mildly dangerous; 1% risk of failure)
Press: ? - help, Dir - look around, f - activate A wave of flame ripples out!
The tree burns like a torch!
The flame wave engulfs the manticore!
The manticore is burned terribly! (Press . to intensify the flame waves.)
The manticore is engulfed in a cloud of scalding steam.
You kill the manticore!
The merfolk hits you from afar with a +0 trident!
* * * LOW HITPOINT WARNING * * *
😱 HP[-14] MP[-4]
You take 14 damage, and now have 5/83 hp.
You lost 4 mp, and now have 14/25 mp.
A wave of flame ripples out!
The tree burns like a torch!
The flame wave engulfs the merfolk!
You are engulfed in a cloud of scalding steam.
You carefully extract the barbed spikes from your body.
The merfolk is engulfed in blazing flames.
The merfolk hits you from afar with a +0 trident!
You die...

Skill      XL: |  1  2  3  4  5  6  7  8  9 10 11 |
---------------+----------------------------------+-----
Conjurations   | 1 2 3 4 5 7 8 9 10 | 10.1
Fire Magic     | 3 4 5 6 7 9 10 | 10.4
Spellcasting   | 2 3 4 5 6 |  6.7
Dodging        | 2 4 |  4.4
Fighting       | 1 3 |  3.9
Stealth        | |  1.7

Action                   |  1- 3 |  4- 6 |  7- 9 | 10-12 || total
-------------------------+-------+-------+-------+-------++-------
Melee: Unarmed           |     1 |       |       |       ||     1
       Whip              |       |       |       |    14 ||    14
 Cast: Foxfire           |    83 |    60 |   122 |   121 ||   386
       Scorch            |     4 |    33 |   120 |    64 ||   221
       Conjure Flame     |       |     2 |     9 |     8 ||    19
       Flame Wave        |       |       |     1 |    10 ||    11
       Inner Flame       |       |       |       |     1 ||     1
  Use: Scroll            |     9 |     2 |     5 |     1 ||    17
       Potion            |       |     3 |     1 |       ||     4
Armor: Robe              |     9 |    24 |    22 |    29 ||    84
Dodge: Dodged            |    37 |    58 |    86 |    77 ||   258

Levels and vault maps discovered:
D:1:      wander_arrival_chamber, layout_basic, minmay_pentomino_u2
D:2:      layout_rooms
D:3:      layout_basic, basic_ecumenical_altar
D:4:      layout_loops_cross, gammafunk_ghost_split
D:5:      layout_loops_cross, minmay_temple_entry_offerings, minmay_misc_feat_x,
          serial_bayou_pond_e, uniq_crazy_yiuf_cottage, uniq_duvessa
D:6:      layout_loops_corners, gammafunk_temple_overflow_pools, serial_shops,
          shop, fountainhead, nicolae_shop_overcharged_wands, uniq_sigmund,
          uniq_blork_the_orc
D:7:      layout_basic, kennysheep_generic_room_10
D:8:      layout_loops_ring, nicolae_overflow_two_pavilions, dpeg_oklobed_lair,
          uniq_grum, uniq_maurice, uniq_joseph
D:9:      layout_roguey, biasface_ghost_orc_armoury, nicolae_fountain_basement
D:10:     layout_loops_cross, minmay_orc_entry_temple_small, uniq_josephine
D:11:     kennysheep_town

Notes
Turn   | Place    | Note
-------+----------+-------------------------------------------
     0 | D:1      | kae the Demigod Fire Elementalist began the quest for the
                  | Orb.
     0 | D:1      | Reached XP level 1. HP: 14/14 MP: 5/5
     0 | D:1      | magus.rc [v1.11.3]
   185 | D:1      | Reached skill level 1 in Conjurations
   407 | D:1      | Reached skill level 3 in Fire Magic
   407 | D:1      | Reached XP level 2. HP: 20/20 MP: 4/7
   555 | D:1      | Learned a level 2 spell: Scorch
   616 | D:1      | Reached skill level 2 in Spellcasting
  1378 | D:2      | Reached XP level 3. HP: 26/26 MP: 5/8
  1382 | D:2      | Learned a level 3 spell: Conjure Flame
  1728 | D:3      | Reached skill level 2 in Conjurations
  2038 | D:3      | You pick up a book of Scorching and begin reading...
  2423 | D:4      | Reached XP level 4. HP: 29/33 MP: 4/10
  3022 | D:4      | Found a runed translucent gate.
  3024 | D:4      | Found a runed translucent gate.
  3026 | D:4      | Noticed kae's ghost (amateur DgFE)
  3041 | D:4      | Noticed a phantom
  3050 | D:4      | Reached skill level 4 in Fire Magic
  3050 | D:4      | Reached XP level 5. HP: 38/38 MP: 7/11
  3060 | D:4      | Reached skill level 3 in Conjurations
  3160 | D:4      | Found a runed translucent gate.
  3267 | D:4      | You pick up a book of Winter and begin reading...
  3267 | D:4      | You add the spells Ozocubu's Armour, Metabolic Englaciation
                  | and Simulacrum to your library.
  3330 | D:4      | You pick up a book of Debilitation and begin reading...
  3330 | D:4      | You add the spells Slow, Vampiric Draining and Confusing
                  | Touch to your library.
  3411 | D:4      | You pick up a book of Blood and begin reading...
  3411 | D:4      | You add the spells Sublimation of Blood, Wereblood and
                  | Summon Hydra to your library.
  3545 | D:4      | Learned a level 3 spell: Inner Flame
  3561 | D:5      | Entered Level 5 of the Dungeon
  3561 | D:5      | Noticed an ogre
  3561 | D:5      | Noticed a black bear
  3694 | D:5      | HP: 6/38 [gnoll/+0 flail[a gnoll bouda] (6)]
  3709 | D:5      | HP: 5/38 [gnoll/+0 club[a gnoll bouda] (3)]
  4060 | D:5      | Reached XP level 6. HP: 39/45 MP: 5/13
  4292 | D:5      | Reached skill level 3 in Spellcasting
  4292 | D:5      | Reached skill level 4 in Conjurations
  4440 | D:5      | Noticed a wyvern
  4452 | D:5      | HP: 11/45 [wyvern (2)]
  4453 | D:5      | magus.rc [v1.11.3]
  4453 | D:5      | Identified a scroll of acquirement
  4453 | D:5      | Acquired 1141 gold pieces
  4455 | D:5      | HP: 2/45 [wyvern (6)]
  4457 | D:5      | Killed a wyvern
  4458 | D:5      | Reached skill level 5 in Fire Magic
  4776 | D:5      | Found a runed translucent door.
  4777 | D:5      | Noticed Crazy Yiuf
  4955 | D:5      | Reached XP level 7. HP: 50/50 MP: 6/15
  4958 | D:5      | Noticed Duvessa
  5071 | D:5      | Noticed Dowan
  5077 | D:5      | Killed Duvessa
  5088 | D:5      | Killed Dowan
  5089 | D:5      | Reached skill level 5 in Conjurations
  5289 | D:5      | Found a staircase to the Ecumenical Temple.
  5296 | D:5      | You pick up a book of Spatial Translocations and begin
                  | reading...
  5296 | D:5      | You add the spells Blink, Lesser Beckoning and Manifold
                  | Assault to your library.
  5533 | D:5      | Learned a level 4 spell: Flame Wave
  5672 | D:5      | You pick up a book of the Earth and begin reading...
  5672 | D:5      | You add the spells Leda's Liquefaction, Lee's Rapid
                  | Deconstruction and Statue Form to your library.
  5871 | D:5      | Killed Crazy Yiuf
  5980 | D:6      | Reached skill level 6 in Fire Magic
  6227 | D:6      | Found Tiydiel's Antique Weapon Boutique.
  6366 | D:6      | Reached skill level 4 in Spellcasting
  6373 | D:6      | Reached XP level 8. HP: 51/57 MP: 10/17
  6473 | D:6      | Noticed Sigmund
  6588 | D:6      | Killed Sigmund
  6589 | D:6      | Reached skill level 6 in Conjurations
  6664 | D:6      | Noticed Blork the orc
  6675 | D:6      | Killed Blork the orc
  7023 | D:6      | Found Aqaun's Overcharged Wands.
  7422 | D:7      | Reached skill level 7 in Fire Magic
  7436 | D:7      | HP: 12/57 [gnoll sergeant/+0 trident (14)]
  8436 | D:7      | Noticed a two-headed ogre
  8458 | D:7      | Killed a two-headed ogre
  8459 | D:7      | Reached skill level 5 in Spellcasting
  8459 | D:7      | Reached skill level 7 in Conjurations
  8459 | D:7      | Reached XP level 9. HP: 62/62 MP: 7/20
  8468 | D:7      | Reached skill level 8 in Fire Magic
  9390 | D:8      | Noticed Grum
  9555 | D:7      | HP: 11/62 [Grum/-2 spear (8)]
  9559 | D:7      | Killed Grum
  9836 | D:8      | HP: 7/62 [gnoll sergeant/+1 spear of flaming (12)]
  9836 | D:8      | HP: 2/62 [gnoll sergeant/+1 spear of flaming (5)]
 10142 | D:8      | Reached skill level 8 in Conjurations
 10232 | D:8      | Noticed Joseph
 10765 | D:8      | Reached skill level 2 in Dodging
 10872 | D:8      | Noticed Maurice
 10884 | D:8      | HP: 11/63 [Maurice/+0 battleaxe (12)]
 10886 | D:8      | HP: 3/63 [Maurice/+0 battleaxe (8)]
 10888 | D:8      | Killed Maurice
 10889 | D:8      | Reached skill level 1 in Fighting
 11094 | D:8      | Found a staircase to the Lair.
 11541 | D:8      | Learned a level 2 spell: Blink
 11543 | D:8      | Learned a level 1 spell: Slow
 11672 | D:9      | Found a runed translucent gate.
 11672 | D:9      | Noticed kae's ghost (novice DgFE)
 11673 | D:9      | Found a runed translucent gate.
 11674 | D:9      | Found a runed translucent gate.
 11675 | D:9      | Identified the +13 plate armour of Quantum Leap {rF+ rCorr}
 11788 | D:9      | Reached skill level 9 in Fire Magic
 11866 | D:9      | Noticed a two-headed ogre
 11879 | D:9      | Killed a two-headed ogre
 11880 | D:9      | Reached XP level 10. HP: 73/73 MP: 8/22
 12065 | D:9      | HP: 11/73 [orc warrior/+0 halberd (18)]
 12497 | D:9      | You pick up a book of Displacement and begin reading...
 12497 | D:9      | You add the spells Gell's Gravitas and Teleport Other to
                  | your library.
 12498 | D:9      | Upgraded the game from 0.30-a0-51-g784eafce7f to
                  | 0.30-a0-52-g86a8295270
 12498 | D:9      | magus.rc [v1.11.3]
 12511 | D:9      | Reached skill level 2 in Fighting
 12593 | D:9      | Reached skill level 3 in Dodging
 12938 | D:10     | Entered Level 10 of the Dungeon
 13011 | D:10     | Reached skill level 6 in Spellcasting
 13011 | D:10     | Reached skill level 9 in Conjurations
 13118 | D:10     | Found a staircase to the Orcish Mines.
 13812 | D:10     | Reached skill level 3 in Fighting
 13941 | D:10     | Reached skill level 10 in Fire Magic
 14355 | D:10     | Noticed Josephine
 14634 | D:11     | Noticed a green ugly thing
 14645 | D:11     | Killed a green ugly thing
 14646 | D:11     | Reached skill level 4 in Dodging
 14746 | D:11     | Reached XP level 11. HP: 82/82 MP: 20/24
 15283 | D:11     | You pick up a book of Dangerous Friends and begin
                  | reading...
 15283 | D:11     | You add the spells Summon Guardian Golem, Orb of
                  | Destruction and Spellforged Servitor to your library.
 15334 | D:11     | Reached skill level 10 in Conjurations
 16057 | D:11     | HP: 19/83 [merfolk/+0 trident (4)]
 16058 | D:11     | HP: 5/83 [merfolk/+0 trident (14)]
 16059 | D:11     | Mangled by a merfolk

Vanquished Creatures
  2 two-headed ogres
  An ugly thing (D:11)
  A manticore (D:11)
  Maurice (D:8)
  2 kobold demonologists (D:10)
  4 trolls
  Sigmund (D:6)
  A water elemental (D:11)
  A shadow (D:10)
  2 wyverns
  4 wraiths
  11 yaks
  Grum (D:7)
  2 steam dragons
  Duvessa (D:5)
  5 orc warriors
  5 black bears
  2 ogres
  A sky beast (D:7)
  A centaur (D:9)
  2 wolves (D:7)
  A phantom (D:4)
  Blork the orc (D:6)
  8 bullfrogs
  4 kobold brigands
  2 gnoll sergeants
  A necrophage (D:7)
  A scorpion (D:7)
  7 wights
  Dowan (D:5)
  6 killer bees
  8 electric eels
  2 hounds
  A jelly (D:8)
  Crazy Yiuf (D:5)
  2 gnoll boudas
  4 orc priests
  3 iguanas
  6 orc wizards
  17 gnolls
  3 adders
  2 shadow imps
  A white imp (D:7)
  An ufetubus (D:4)
  3 worms
  35 orcs
  7 ball pythons
  6 endoplasms
  A giant cockroach (D:2)
  9 goblins
  8 hobgoblins
  2 quokkas (D:1)
  5 bats
  3 frilled lizards
  19 kobolds
  7 rats
239 creatures vanquished.

Vanquished Creatures (collateral kills)
  4 foxfires (D:11)
4 creatures vanquished.

Vanquished Creatures (others)
  639 foxfires
  30 plants (D:11)
669 creatures vanquished.

Grand Total: 912 creatures vanquished

Table legend:
 A = Non-vault XP
 B = Vault XP
 C = Vault XP percentage of total XP
 D = Non-vault monster count
 E = Vault monster count
 F = Vault count percentage of total count
                 A         B        C        D         E       F
            +---------+---------+-------+---------+---------+-------
      Total |   11134 |    5199 |  31.8 |     200 |      39 |  16.3
            +---------+---------+-------+---------+---------+-------
        D:1 |      32 |       2 |   5.9 |      20 |       1 |   4.8
        D:2 |      20 |       0 |   0.0 |      13 |       0 |   0.0
        D:3 |      61 |       0 |   0.0 |      13 |       0 |   0.0
        D:4 |     280 |       0 |   0.0 |      26 |       0 |   0.0
        D:5 |     707 |     258 |  26.7 |      16 |       3 |  15.8
        D:6 |     726 |     339 |  31.8 |      15 |       2 |  11.8
        D:7 |     654 |    1387 |  68.0 |      28 |       5 |  15.2
        D:8 |    1153 |     472 |  29.0 |      16 |       1 |   5.9
        D:9 |    1943 |       0 |   0.0 |      15 |       0 |   0.0
       D:10 |    3493 |     861 |  19.8 |      27 |      14 |  34.1
       D:11 |    2065 |    1880 |  47.7 |      11 |      13 |  54.2
            +---------+---------+-------+---------+---------+-------

Illustrated notes

Table legend:
 A = Kills in this place as a percentage of kills in entire the game.
 B = Kills by you in this place as a percentage of kills by you in the entire game.
 C = Kills by friends in this place as a percentage of kills by friends in the entire game.
 D = Other kills in this place as a percentage of other kills in the entire game.
 E = Experience gained in this place as a percentage of experience gained in the entire game.
 F = Experience gained in this place divided by the number of levels of this place that you have seen.
                   A       B       C       D       E      F
               +-------+-------+-------+-------+-------+----------------------
         Total | 100.0 | 100.0 |   N/A |   N/A | 100.0 | 1484.8
       Dungeon | 100.0 | 100.0 |   N/A |   N/A | 100.0 | 1484.8
               +-------+-------+-------+-------+-------+----------------------

Table legend: (Time is in decaauts)
 A = Elapsed time spent in this place.
 B = Non-inter-level travel time spent in this place.
 C = Inter-level travel time spent in this place.
 D = Time resting spent in this place.
 E = Time spent auto-exploring this place.
 F = Levels seen in this place.
 G = Mean time per level.
                   A        B        C        D        E       F      G
               +--------+--------+--------+--------+--------+-----+--------+
         Total |  16061 |  15763 |    298 |   1481 |  12298 |  11 | 1460.1 |
       Dungeon |  16061 |  15763 |    298 |   1481 |  12298 |  11 | 1460.1 |
               +--------+--------+--------+--------+--------+-----+--------+

Top non-repeatable levels by time:
     D:7: 2259 daAuts
     D:8: 1886 daAuts
     D:5: 1794 daAuts
     D:6: 1740 daAuts
    D:10: 1699 daAuts
     D:4: 1667 daAuts
    D:11: 1432 daAuts
     D:9: 1107 daAuts
     D:1: 1046 daAuts
     D:3: 809 daAuts
     D:2: 617 daAuts
